AoeStats
← CazadorGT

Arabia

507149772Analyzed
2v2 RM · 16d ago on Sep 16, 2026· 20m 25s· 4 players
Game mode
Random Map
Map size
Medium (4 player)
Population
200
Speed
Normal
Resources
Standard
Victory
Conquest
Starting age
Dark Age
Ending age
Imperial Age
RankedLock teamsTeams togetherTeam positionsShared explorationLock speedFull tech treeHidden civsTurbo modeCheats
Victory
Defeat
🇨🇱 Britons · Chile
1250
+12
🇨🇱 Wei · Chile
1126
+17
🇦🇺 Burgundians · Australia
1172
-15
🇬🇹 Koreans · Guatemala
1133
-14
CazadorGT
6:19 Loom
6:47 Loom
9:02 Feudal Age
15:43 Double-Bit Axe
17:29 Fletching
CHUPA <AUS>
0:52 Loom
1:01 Loom
2:14 Wheelbarrow
10:33 Double-Bit Axe
13:36 Feudal Age
16:19 Forging
16:15 Scale Barding Armor
pabloyx
7:24 Loom
9:25 Feudal Age
12:37 Wheelbarrow
12:29 Bloodlines
12:47 Bloodlines
15:24 Double-Bit Axe
19:47 Fletching
23:03 Castle Age
BERNARDO
5:48 Loom
8:34 Feudal Age
9:41 Double-Bit Axe
12:25 Fletching
16:56 Wheelbarrow
22:09 Castle Age
20:37 Padded Archer Armor
Connection lost

Rejoining the realm…

Still unreachable

The connection could not be restored.

Session expired

The server has moved on; the page needs a fresh start.